 Dungeon Crawl Stone Soup version 0.27-a0-1545-g3eddc1d3d3 (webtiles) character file.

Game seed: 3474776881639603713

9 Morbidden the Gusty (level 2, 19/19 HPs)
             Began as a Demonspawn Air Elementalist on July 13, 2021.
             Quit the game on level 1 of the Dungeon.
             The game lasted 00:00:44 (393 turns).

Morbidden the Gusty (Demonspawn Air Elementalist)    Turns: 393, Time: 00:00:45

Health: 19/19      AC:  2    Str:  8    XL:     2   Next: 3%
Magic:  5/5        EV: 12    Int: 16    God:
Gold:   42         SH:  0    Dex: 13    Spells: 4/5 levels left

rFire    . . .     SeeInvis .   (no weapon)
rCold    . . .     Faith    .   (no shield)
rNeg     . . .     Spirit   .   a - +0 robe
rPois    .         Reflect  .   (helmet restricted)
rElec    .         Harm     .   (no cloak)
rCorr    .         Rampage  .   (no gloves)
Will     .....                  (no boots)
Stlth    ++........             (no amulet)
HPRegen  0.06/turn              (no ring)
MPRegen  0.09/turn              (no ring)

@: no status effects
A: antennae 1
a: no special abilities


You were on level 1 of the Dungeon.
You visited 1 branch of the dungeon, and saw 1 of its levels.

You collected 42 gold pieces.

Inventory:

Armour
 a - a +0 robe (worn)


   Skills:
 + Level 2.0 Dodging
 + Level 1.9 Stealth
 + Level 2.0 Spellcasting
 + Level 1.0 Conjurations
 + Level 3.0 Air Magic


You had 4 spell levels left.
You knew the following spells:

 Your Spells              Type           Power      Damage    Failure   Level
a - Shock                 Conj/Air       32%        1d5       9%          1

Your spell library contained the following spells:

 Spells                   Type           Power      Damage    Failure   Level
 Static Discharge         Conj/Air       8%         N/A       14%         2
 Swiftness                Air            11%        N/A       19%         3
 Airstrike                Air            5%         N/A       52%         4


Dungeon Overview and Level Annotations

Branches:
Dungeon (1/15)

Altars:


Innate Abilities, Weirdness & Mutations

You have a pair of small antennae on your head.


Message History

Sorry, you're not good enough to have a special ability.
Casting: Shock (safe; 9% risk of failure)
Confirm with . or Enter, or press ? or * to list all spells.
Aiming: Shock (safe; 9% risk of failure)
Press: ? - help, Shift-Dir - straight line, f - ball python
Aim: a ball python (64% to hit)
You miscast Shock.
You are very lightly contaminated with residual magic.
Nothing appears to happen.
Unknown command.
Unknown command.
Unknown command.
Your magical contamination has completely faded away.
The ball python bites you. The ball python barely misses you.
You see here a ball python corpse.
The ball python bites you but does no damage.
The ball python grabs you. The ball python constricts you.
Sorry, you're not good enough to have a special ability.
Sorry, you're not good enough to have a special ability.
Casting: Shock (safe; 9% risk of failure)
Confirm with . or Enter, or press ? or * to list all spells.
Okay, then.
Unknown command.
Casting: Shock (safe; 9% risk of failure)
Confirm with . or Enter, or press ? or * to list all spells.
Aiming: Shock (safe; 9% risk of failure)
Press: ? - help, Shift-Dir - straight line, p - ball python The zap hits the ball python.
The ball python is severely wounded.
The zap hits the ball python.
You kill the ball python!
Your Air Magic skill increases to level 3!
You have reached level 2!
Your demonic ancestry asserts itself...
A pair of antennae grows on your head!
Unknown command.
Things that are here:
a ball python corpse; a ball python skeleton Unknown command.
Are you sure you want to abandon this character and quit the game? (Confirm with "yes".)

##'###########'##
###...#...#...#...#
#.'...'...'...'...#
#.#...#...#...#...#
#.#################
#..................
##..............#..
#.#............)..
##@##..............
#...............##.
#..####....?..####.
##..# #.......# ##.
##...# #########
#.. ##....# ### #.#
#.....#
##.#######.#
##...##
##........J.# ##..#
##....†#####..


There were no monsters in sight!

Vanquished Creatures
  An endoplasm (D:1)
  A goblin (D:1)
  A hobgoblin (D:1)
  3 ball pythons (D:1)
  A bat (D:1)
  A kobold (D:1)
  A rat (D:1)
9 creatures vanquished.

Notes
Turn   | Place    | Note
-------+----------+-------------------------------------------
     0 | D:1      | Morbidden the Demonspawn Air Elementalist began the quest
                  | for the Orb.
     0 | D:1      | Reached XP level 1. HP: 13/13 MP: 3/3
   339 | D:1      | Reached skill level 3 in Air Magic
   339 | D:1      | Gained mutation: You have a pair of small antennae on your
                  | head. [demonic ancestry]
   339 | D:1      | Reached XP level 2. HP: 18/19 MP: 0/5
   393 | D:1      | Quit the game

Illustrated notes

Levels and vault maps discovered:
D:1:      co_arrival_random_square_maze, layout_loops_ring, serial_shops,
          nicolae_diamond_shop

Skill      XL: |  1 |
---------------+----+-----
Dodging        | 2 |  2.0
Air Magic      | 3 |  3.0
Stealth        | |  1.9
Spellcasting   | |  2.0
Conjurations   | |  1.0

Action                   || total
-------------------------++-------
 Cast: Shock             ||    17
Armor: Robe              ||     1
Dodge: Dodged            ||     9

Table legend: (Time is in decaauts)
 A = Elapsed time spent in this place.
 B = Non-inter-level travel time spent in this place.
 C = Inter-level travel time spent in this place.
 D = Time resting spent in this place.
 E = Time spent auto-exploring this place.
 F = Levels seen in this place.
 G = Mean time per level.
                   A        B        C        D        E       F      G
               +--------+--------+--------+--------+--------+-----+--------+
         Total |    393 |    393 |      0 |      0 |    280 |   1 |  393.0 |
       Dungeon |    393 |    393 |      0 |      0 |    280 |   1 |  393.0 |
               +--------+--------+--------+--------+--------+-----+--------+

Top non-repeatable levels by time:
     D:1: 393 daAuts
